Map: Romanticide LE

Players

Bee

  • Race: Zerg Zerg
  • League: Grandmaster
  • Spawn Location: 11:00

GabeTalks - Winner!

  • Race: Terran Terran
  • League: Grandmaster
  • Spawn Location: 5:00

VOD

https://www.youtube.com/watch?v=4QPKAESyUcQ&t=918s

Description

Time

  • Played on: March 5, 2021, 10:39 a.m.
  • Length: 9:58
Show
View Real Time Build Order
Export as new Build Order

Bee Zerg 

Build Orders: Hatch First 

Get SALT Encoding   

  12  0:00  Drone  
  13  0:12  Overlord  
  13  0:17  Drone  
  14  0:30  Drone x2  
  16  0:47  Hatchery  
  15  0:51  Drone  
  15  0:54  Drone  
  17  0:57  Drone  
  18  1:09  Extractor  
  17  1:13  Spawning Pool  
  17  1:16  Drone  
  17  1:19  Drone  
  18  1:28  Drone  
  19  1:39  Drone  
  20  1:49  Drone  
  21  1:59  Queen, Overlord  
  21  2:00  Queen, Zergling x2  
  26  2:10  Zergling x2  
  27  2:17  Hatchery  
  27  2:20  Drone  
  27  2:23  Drone  
  27  2:27  Drone  
  29  2:32  Drone x2  
  29  2:35  Spore Crawler  
  29  2:40  Metabolic Boost  
  29  2:44  Overlord  
  30  2:47  Drone  
  31  2:53  Queen  
  31  2:56  Drone  
  34  2:58  Drone  
  34  3:04  Drone  
  34  3:05  Drone  
  37  3:08  Drone x2  
  37  3:10  Drone  
  40  3:15  Pneumatized Carapace  
  40  3:20  Drone  
  40  3:21  Overlord  
  41  3:28  Queen  
  41  3:31  Queen  
  45  3:34  Drone  
  45  3:36  Drone  
  45  3:37  Zergling x2  
  45  3:38  Zergling x2  
  49  3:42  Drone x2  
  49  3:45  Overlord  
  51  3:50  Drone x2  
  51  3:51  Drone  
  51  3:54  Zergling x4  
  56  3:58  Overlord  
  56  4:00  Drone  
  57  4:09  Drone x4  
  61  4:15  Overlord  
  61  4:16  Drone x4  
  65  4:21  Extractor, Evolution Chamber  
  63  4:24  Drone x2  
  63  4:26  Queen  
  63  4:28  Queen  
  69  4:32  Lair  
  69  4:35  Spore Crawler  
  69  4:36  Spore Crawler  
  67  4:38  Spore Crawler  
  67  4:43  Spore Crawler, Drone  
  67  4:45  Drone x2  
  67  4:49  Zerg Ground Armor Level 1  
  69  4:52  Drone  
  69  4:53  Evolution Chamber, Drone  
  69  4:54  Extractor  
  69  4:57  Spore Crawler  
  69  4:59  Drone x2  
  71  5:00  Drone x2  
  71  5:08  Drone x3  
  71  5:10  Drone x3  
  77  5:16  Overlord  
  77  5:21  Zerg Melee Weapons Level 1, Zergling x8  
  81  5:31  Overseer  
  81  5:32  Zergling x2  
  81  5:38  Drone x2  
  81  5:42  Zergling x12  
  89  5:46  Overlord x2  
  89  5:47  Infestation Pit  
  89  5:49  Hatchery  
  88  5:50  Drone  
  88  5:55  Overlord  
  88  5:57  Zergling x4  
  88  5:58  Zergling x4  
  88  6:01  Zergling x2  
  89  6:09  Zergling x16  
  92  6:20  Zergling x8  
  92  6:21  Zergling x2  
  87  6:26  Hive  
  87  6:29  Infestor  
  87  6:30  Infestor  
  88  6:35  Drone x2  
  88  6:36  Drone  
  88  6:38  Zergling x10  
  96  6:46  Zergling x8  
  97  6:51  Zergling x2  
  97  6:52  Hatchery, Zergling x2  
  96  6:57  Zergling x2  
  97  7:02  Zergling x10  
  97  7:06  Zergling x6  
  94  7:16  Zergling x12  
  97  7:23  Zergling x2  
  97  7:24  Zergling x2  
  97  7:27  Zergling x2  
  85  7:32  Zergling x14  
  90  7:38  Adrenal Glands  
  90  7:40  Ultralisk Cavern  
  90  7:42  Zergling x10  
  90  7:43  Queen x2  
  90  7:44  Overlord  
  93  7:51  Drone  
  93  7:52  Drone  
  93  7:55  Drone  
  95  8:03  Zergling x14  
  96  8:09  Zergling x6  
  94  8:14  Drone x3  
  94  8:18  Drone  
  94  8:19  Drone x2  
  96  8:26  Drone x2  
  98  8:33  Drone x4  
  96  8:39  Chitinous Plating  
  96  8:43  Zergling x2  
  96  8:44  Zergling x26  
  110  8:52  Zergling x12  
  113  8:59  Zergling x12  
  96  9:22  Zergling x12  
  96  9:23  Overlord  
  88  9:31  Zergling x10  
Show
View Real Time Build Order
Export as new Build Order

GabeTalks Terran - Winner!

Build Orders: Reaper Expand, Hellion Banshee 

Get SALT Encoding   

  12  0:00  SCV  
  13  0:12  SCV  
  14  0:16  Supply Depot  
  14  0:24  SCV  
  15  0:38  SCV  
  15  0:39  Barracks  
  16  0:42  Refinery  
  16  0:50  SCV  
  17  1:02  SCV  
  18  1:14  SCV  
  19  1:26  Orbital Command, Reaper  
  20  1:40  Command Center  
  20  1:49  Supply Depot  
  20  1:52  SCV  
  21  1:58  Marine  
  22  2:04  SCV  
  23  2:09  Factory  
  23  2:16  SCV  
  23  2:19  Barracks Reactor  
  24  2:28  SCV  
  25  2:41  Command Center, SCV  
  26  2:53  SCV  
  26  2:54  Orbital Command  
  27  3:02  Starport  
  27  3:05  SCV  
  28  3:08  Refinery  
  28  3:14  Hellion  
  28  3:17  SCV  
  28  3:18  Hellion  
  33  3:21  SCV  
  34  3:29  SCV  
  34  3:32  Barracks Tech Lab  
  34  3:33  SCV  
  36  3:36  Hellion  
  36  3:39  Hellion  
  40  3:41  SCV  
  40  3:45  SCV  
  42  3:53  SCV  
  42  3:54  Orbital Command  
  43  3:55  Banshee  
  43  3:58  SCV, Cloaking Field  
  47  4:04  Supply Depot  
  47  4:05  SCV  
  47  4:08  Hellion  
  50  4:10  SCV, Hellion  
  50  4:14  Barracks Tech Lab  
  53  4:17  SCV  
  53  4:22  SCV  
  53  4:23  Orbital Command  
  56  4:26  Supply Depot  
  56  4:29  SCV  
  56  4:30  Hellion  
  58  4:32  Hellion  
  58  4:34  SCV, Marine  
  58  4:37  Stimpack  
  58  4:38  Banshee  
  62  4:42  SCV  
  66  4:46  SCV  
  66  4:48  Refinery  
  66  4:50  SCV  
  68  4:54  SCV  
  68  4:57  Barracks, Supply Depot  
  68  4:58  SCV  
  68  4:59  Marine  
  70  5:00  Factory Reactor, Barracks  
  70  5:02  SCV  
  70  5:05  Refinery  
  70  5:06  SCV  
  73  5:10  SCV  
  75  5:14  SCV, Engineering Bay  
  75  5:16  Engineering Bay  
  75  5:17  Marine  
  75  5:18  SCV  
  77  5:23  SCV  
  77  5:25  Supply Depot  
  77  5:26  SCV  
  79  5:30  SCV  
  79  5:35  Marine, SCV, Starport Reactor  
  80  5:37  Supply Depot x2  
  80  5:38  SCV  
  82  5:42  Terran Infantry Weapons Level 1  
  82  5:43  Barracks  
  82  5:44  Barracks  
  82  5:45  Terran Infantry Armor Level 1  
  82  5:47  SCV  
  82  5:48  SCV  
  84  5:50  SCV  
  84  5:52  Marine x2  
  84  5:53  Marine x3  
  84  5:56  Siege Tank  
  93  6:01  Supply Depot  
  93  6:07  SCV x2  
  93  6:08  SCV  
  93  6:10  Marine x2  
  98  6:12  Marine  
  98  6:13  Marine  
  98  6:15  Medivac x2  
  98  6:16  Supply Depot  
  98  6:17  Combat Shield  
  104  6:22  Marine  
  104  6:25  SCV x2  
  105  6:26  SCV  
  105  6:28  Marine x2  
  105  6:30  Marine  
  105  6:32  Barracks Reactor  
  109  6:37  Barracks Reactor, Supply Depot  
  109  6:38  SCV x2, Refinery, Supply Depot  
  109  6:39  SCV, Refinery  
  112  6:45  Medivac x2  
  112  6:48  Marine x2  
  112  6:50  SCV  
  112  6:52  SCV x2, Marine x2  
  112  6:53  Marine  
  118  6:56  Factory  
  118  6:58  Armory  
  118  7:01  Supply Depot  
  118  7:05  SCV x2  
  118  7:06  Marine x2  
  122  7:09  SCV  
  122  7:11  Marine x2  
  122  7:12  Marine  
  122  7:14  Marine x2  
  115  7:17  SCV  
  115  7:18  SCV  
  115  7:21  SCV  
  115  7:22  Marine x2  
  118  7:24  Marine  
  118  7:26  Marine  
  113  7:32  Marine x2  
  113  7:33  Marine  
  113  7:34  Marine x2  
  113  7:35  Siege Tank  
  118  7:37  SCV x2  
  118  7:39  SCV  
  118  7:41  Marine, Factory Tech Lab  
  122  7:44  Marine  
  122  7:46  Marine  
  122  7:49  Marine  
  122  7:50  Marine x2  
  123  7:51  Marine  
  123  7:52  Medivac x2, Marine  
  123  7:55  Marine  
  130  7:59  Marine  
  130  8:02  Marine, Siege Tank  
  130  8:03  Marine  
  136  8:07  Marine, Siege Tank  
  136  8:08  Marine x2  
  136  8:09  Marine x2  
  144  8:12  Marine  
  144  8:17  Marine  
  146  8:20  Marine  
  146  8:21  Marine  
  146  8:23  Medivac x2  
  149  8:31  Supply Depot  
  149  8:32  Supply Depot  
  149  8:33  Marine x4  
  152  8:34  Siege Tank  
  152  8:41  Marine x2  
  157  8:51  Marine x3  
  157  8:53  Medivac x2, Marine x4, Siege Tank  
  157  8:54  Command Center  
  168  8:58  Marine  
  168  8:59  Marine  
  157  9:06  Siege Tank  
  157  9:08  Marine x3  
  163  9:11  Marine x4  
  163  9:16  Marine x2  
  142  9:23  SCV  
  135  9:24  SCV x2  
  135  9:25  Siege Tank  
  135  9:26  Marine x3  
  135  9:27  Medivac x2  
  135  9:28  Marine x4  
  145  9:34  Marine x2  
Tags
 
Add a new tag
Caveats
  • Supply blocks, unpowered buildings, or Contaminate may cause inaccurate times.
  • Supply counts are checked every 10 seconds.